 Dungeon Crawl Stone Soup version 0.27.1-1-g398f81649c (webtiles) character file.

Game seed: 4612529631811560744

367 funkygono the Firebug (level 6, -5/32 HPs)
             Began as a Gargoyle Fire Elementalist on Sept 8, 2021.
             Slain by Duvessa (14 damage)
             ... on level 4 of the Dungeon.
             The game lasted 00:07:37 (4055 turns).

funkygono the Firebug (Gargoyle Fire Elementalist)  Turns: 4055, Time: 00:07:37

Health: -5/32      AC: 10    Str: 11    XL:     6   Next: 69%
Magic:  3/12       EV: 12    Int: 18    God:
Gold:   102        SH:  0    Dex: 10    Spells: 5/13 levels left

rFire    . . .     SeeInvis +   j - +2 flail (vorpal)
rCold    . . .     Faith    .   (no shield)
rNeg     + . .     Spirit   .   a - +0 robe
rPois    ∞         Reflect  .   r - +0 helmet
rElec    +         Harm     .   k - +1 cloak
rCorr    .         Rampage  .   (no gloves)
Will     .....                  b - +0 pair of boots
Stlth    ++........             (no amulet)
HPRegen  0.10/turn              l - ring of see invisible
MPRegen  0.13/turn              (no ring)

@: very slightly contaminated
A: sickness immunity, AC +4, negative energy resistance 1, electricity
resistance, torment resistance 1, petrification resistance
a: no special abilities


You were on level 4 of the Dungeon.
You visited 1 branch of the dungeon, and saw 4 of its levels.

You collected 102 gold pieces.

Inventory:

Hand Weapons
 i - a +0 club
 j - a +2 vorpal flail (weapon)
 q - a +1 whip
Missiles
 e - 152 stones
Armour
 a - a +0 robe (worn)
 b - a +0 pair of boots (worn)
 k - a +1 cloak (worn)
 r - a +0 helmet (worn)
Jewellery
 l - a ring of see invisible (left hand)
Wands
 g - a wand of paralysis (9)
Scrolls
 f - a scroll of magic mapping
 m - 2 scrolls of teleportation
 p - a scroll of blinking
Potions
 c - a potion of resistance {unknown}
 d - a potion of ambrosia {unknown}
 h - 4 potions of curing
 n - 2 potions of attraction {unknown}


   Skills:
 + Level 0.1 Fighting
 + Level 1.8 Dodging
 - Level 2.1 Stealth
 * Level 4.1 Spellcasting
 * Level 3.5 Conjurations
 * Level 5.0 Fire Magic


You had 5 spell levels left.
You knew the following spells:

 Your Spells              Type           Power      Damage    Failure   Level
a - Foxfire               Conj/Fire      76%        2x1d7     2%          1
b - Conjure Flame         Conj/Fire      19%        6-21      8%          3
c - Sticky Flame          Conj/Fire      19%        2d4       26%         4

Your spell library contained the following spells:

 Spells                   Type           Power      Damage    Failure   Level
 Beastly Appendage        Tmut           6%         N/A       14%         1
 Inner Flame              Hex/Fire       12%        N/A       16%         3
 Wereblood                Tmut           3%         N/A       22%         2
 Ozocubu's Armour         Ice            3%         N/A       41%         3
 Spider Form              Tmut/Pois      1%         N/A       41%         3
 Fireball                 Conj/Fire      9%         3d6       56%         5
 Ozocubu's Refrigeration  Ice            1%         4d5       100%        7


Dungeon Overview and Level Annotations

Branches:
Dungeon (4/15)
 Temple: D:4-7

Altars:
Ashenzari
Dithmenos
Gozag
Hepliaklqana
Nemelex Xobeh
Qazlal

Annotations:
D:4 Duvessa


Innate Abilities, Weirdness & Mutations

You are immune to sickness and miasma.
Your stone body is resilient. (AC +4)
You are immune to poison.
You resist negative energy. (rN+)
You are resistant to electric shocks. (rElec)
You are resistant to unholy torment.
You are immune to petrification.


Message History

Confirm with . or Enter, or press ? or * to list all spells.
You conjure some foxfire!
The foxfire hits Duvessa.
Duvessa is lightly wounded.
The foxfire hits Duvessa.
Duvessa is lightly wounded.
Duvessa hits you with a +2 rapier of venom.
Duvessa closely misses you.
Casting: Foxfire (safe; 2% risk of failure)
Confirm with . or Enter, or press ? or * to list all spells.
You miscast Foxfire.
You are very lightly contaminated with residual magic.
Nothing appears to happen.
The foxfire hits Duvessa but does no damage.
Duvessa is lightly wounded.
The foxfire hits Duvessa!
Duvessa is moderately wounded.
Duvessa barely misses you.
Casting: Foxfire (safe; 2% risk of failure)
Confirm with . or Enter, or press ? or * to list all spells.
You conjure some foxfire!
Duvessa misses you. Duvessa hits you but does no damage.
Unknown command.
Casting: Foxfire (safe; 2% risk of failure)
Confirm with . or Enter, or press ? or * to list all spells.
You conjure some foxfire!
The foxfire hits Duvessa.
Duvessa is moderately wounded.
The foxfire hits Duvessa but does no damage.
Duvessa is moderately wounded.
Duvessa hits you with a +2 rapier of venom!
Ouch! That really hurt!
* * * LOW HITPOINT WARNING * * *
Casting: Foxfire (safe; 2% risk of failure)
Confirm with . or Enter, or press ? or * to list all spells.
You miscast Foxfire.
Nothing appears to happen.
The foxfire hits Duvessa but does no damage.
Duvessa is moderately wounded.
The foxfire hits Duvessa but does no damage.
Duvessa is moderately wounded.
Duvessa hits you with a +2 rapier of venom!
You die...

... ... #.# #.# #.# #.#
#.# ##'## #.# ##.).##
#.# ##...e.## ####.#
##..§.@..## ##.##.#
#....§§...####...#.####
+.........'............
#.........####...#.####
##.......## ##.##.#
##...).## ####.##
##...## #.#.# ##+##
##.## ##### #<#


You could see Duvessa (berserk).

Vanquished Creatures
  An ice beast (D:4)
  Dowan (D:4)
  A hound (D:2)
  An orc priest (D:3)
  Natasha (twice) (D:2)
  Robin (D:2)
  An adder (D:3)
  3 worms (D:3)
  3 dart slugs
  5 orcs (D:3)
  5 endoplasms
  3 giant cockroaches
  11 goblins
  7 hobgoblins
  7 jackals
  11 kobolds
  4 quokkas
  2 ball pythons
  5 bats
  5 frilled lizards
  7 rats
86 creatures vanquished.

Vanquished Creatures (collateral kills)
  A foxfire (D:2)
1 creature vanquished.

Vanquished Creatures (others)
  289 foxfires
289 creatures vanquished.

Grand Total: 376 creatures vanquished

Notes
Turn   | Place    | Note
-------+----------+-------------------------------------------
     0 | D:1      | funkygono the Gargoyle Fire Elementalist began the quest
                  | for the Orb.
     0 | D:1      | Reached XP level 1. HP: 10/10 MP: 3/3
   402 | D:1      | Reached XP level 2. HP: 15/15 MP: 1/5
  1154 | D:1      | Reached XP level 3. HP: 19/19 MP: 3/6
  1602 | D:2      | Noticed Natasha
  1606 | D:2      | Killed Natasha
  1694 | D:2      | Reached XP level 4. HP: 24/24 MP: 5/8
  1703 | D:2      | Noticed Natasha
  1711 | D:2      | Killed Natasha
  1937 | D:2      | Found a broken altar of Ashenzari.
  2031 | D:2      | Reached XP level 5. HP: 28/28 MP: 7/9
  2053 | D:2      | Learned a level 3 spell: Conjure Flame
  2058 | D:2      | Learned a level 4 spell: Sticky Flame
  2111 | D:2      | Reached skill level 4 in Fire Magic
  2225 | D:2      | Noticed Robin
  2294 | D:2      | Killed Robin
  2691 | D:3      | Found a stormy altar of Qazlal.
  2693 | D:3      | Noticed a water elemental
  2693 | D:3      | Noticed an air elemental
  2694 | D:3      | Noticed a fire elemental
  2764 | D:3      | Paralysed by an orc for 2 turns
  2857 | D:3      | Found a faded altar of an unknown god.
  3152 | D:3      | Found a shadowy altar of Dithmenos.
  3438 | D:3      | Found a sparkling altar of Nemelex Xobeh.
  3480 | D:3      | Reached XP level 6. HP: 32/32 MP: 7/11
  3600 | D:3      | Found a hazy altar of Hepliaklqana.
  3777 | D:3      | Found an opulent altar of Gozag.
  3953 | D:4      | Noticed an ice beast
  3963 | D:4      | Killed an ice beast
  4043 | D:4      | Noticed Duvessa
  4043 | D:4      | Noticed Dowan
  4048 | D:4      | Killed Dowan
  4049 | D:4      | Reached skill level 5 in Fire Magic
  4055 | D:4      | Slain by Duvessa

Illustrated notes

Levels and vault maps discovered:
D:1:      dpeg_arrival_arbitrary_c, layout_basic
D:2:      layout_rooms, basic_altar, minmay_tall_x, uniq_robin, uniq_natasha
D:3:      layout_basic, nicolae_qazlal_style_of_elements,
          nicolae_gozag_cash_rules_everything_around_me,
          mainiacjoe_overflow_cross_hatched, old_standard_altar,
          grunt_dithmenos_smoke_and_mirrors,
          shapermc_ecumenical_altar_starsandcircs
D:4:      layout_loops_corners, xom_butterflies, mainiacjoe_overflow_alcove_1,
          uniq_duvessa

Skill      XL: |  1  2  3  4  5  6 |
---------------+-------------------+-----
Conjurations   | 2 3 |  3.5
Spellcasting   | 3 4 |  4.1
Fire Magic     | 4 5 |  5.0
Fighting       | |  0.1
Dodging        | |  1.8
Stealth        | |  2.1

Action                   |  1- 3 |  4- 6 || total
-------------------------+-------+-------++-------
Melee: Unarmed           |     1 |       ||     1
       Flail             |       |     1 ||     1
 Cast: Foxfire           |    45 |   123 ||   168
  Use: Scroll            |       |     8 ||     8
Armor: Robe              |     6 |    13 ||    19
Dodge: Dodged            |     9 |    26 ||    35
